 Dungeon Crawl Stone Soup version 0.25.0-26-g0c896c7088 (webtiles) character file.

Game seed: 14786458601518826692

10413 xccam the Grappler (level 11, -18/132 HPs)
             Began as a Troll Monk on July 1, 2020.
             Was a Believer of Ru.
             Demolished by a large abomination (27 damage)
             ... on level 1 of the Abyss.
             The game lasted 00:12:32 (8510 turns).

xccam the Grappler (Troll Monk)                     Turns: 8510, Time: 00:12:33

Health: -18/132    AC: 13    Str: 23    XL:     11   Next: 35%
Magic:  0/10       EV:  9    Int:  7    God:    Ru [**....]
Gold:   618        SH: 16    Dex: 13    Spells: 10/10 levels left

rFire    . . .     SeeInvis .     - Unarmed
rCold    . . .     Gourm    +   y - +0 tower shield
rNeg     + . .     Faith    .   d - +0 troll leather armour
rPois    +         Spirit   +   m - +0 hat
rElec    .         Reflect  .   B - +0 cloak
rCorr    .         Harm     .   (gloves unavailable)
MR       .....                  (boots unavailable)
Stlth    ..........             D - amulet of guardian spirit
HPRegen  1.12/turn              F - ring of Ezeekeydd {rPois rN+ EV+4 Int+5 Dex+4}
MPRegen  0.12/turn              G - +4 ring of protection

@: berserking (expiring), hasted, very quick
A: large, unfitting armour, claws 3, [blurry vision 3], [clumsy 2], [dopey 2],
fast metabolism 3, [frail 2], gourmand, regeneration 1, shaggy fur 1, tough skin
3, [no potion heal 2], inability to train armour, reduced EV 1
a: Renounce Religion


You were on level 1 of the Abyss.
You worshipped Ru.
Ru was pleased with you.
You were completely stuffed.

You visited 2 branches of the dungeon, and saw 11 of its levels.
You visited the Abyss 1 time.

You collected 618 gold pieces.

Inventory:

Armour
 d - a +0 troll leather armour (worn)
 m - a +0 hat (worn)
 y - a +0 tower shield (worn)
 B - a +0 cloak (worn)
Jewellery
 g - an uncursed amulet of faith
 k - an uncursed ring of fire
 p - a +6 ring of intelligence
 C - an uncursed ring of stealth
 D - an amulet of guardian spirit (around neck)
 F - the ring of Ezeekeydd (left claw) {rPois rN+ EV+4 Int+5 Dex+4}
   (You found it on level 8 of the Dungeon)

   [ring of evasion]

   It affects your evasion (+4).
   It affects your intelligence (+5).
   It affects your dexterity (+4).
   It protects you from poison.
   It protects you from negative energy.
 G - a +4 ring of protection (right claw)
Wands
 w - a wand of iceblast (17)
 J - a wand of enslavement (8)
 K - a wand of acid (8)
Scrolls
 a - 3 scrolls of identify
 c - 5 scrolls of teleportation
 h - 2 scrolls of amnesia {unknown}
 n - 4 scrolls of enchant armour
 s - a scroll of random uselessness {unknown}
 u - 3 scrolls of remove curse {unknown}
 v - a scroll of magic mapping {unknown}
 x - 2 scrolls of enchant weapon {unknown}
 E - a scroll of fear {unknown}
 H - a scroll of silence {unknown}
 I - a scroll of vulnerability {unknown}
Potions
 e - a potion of mutation {unknown}
 f - 4 potions of stabbing
 i - 4 potions of heal wounds
 j - 4 potions of flight {unknown}
 l - 3 potions of curing {unknown}
 o - 3 potions of might {unknown}
 q - 3 potions of cancellation {unknown}
 r - 2 potions of lignification {unknown}
 t - 2 potions of brilliance {unknown}
 z - a potion of haste
Comestibles
 b - 24 rations


   Skills:
 - Level 8.0 Fighting
 - Level 7.0 Dodging
 - Level 1.0 Stealth
 + Level 7.0 Shields
 - Level 11.0 Unarmed Combat


You had 10 spell levels left.
You didn't know any spells.
Your spell library contained the following spells:

 Spells                   Type           Power        Failure   Level  Hunger
 Confusing Touch          Hex            #.......     100%        3    ####...
 Gell's Gravitas          Tloc           #.........   100%        3    ####...
 Petrify                  Tmut/Erth      #.......     100%        4    #####..
 Metabolic Englaciation   Hex/Ice        #.........   100%        5    ######.
 Yara's Violent Unravell  Hex/Tmut       #.........   100%        5    ######.


Dungeon Overview and Level Annotations

Branches:
Dungeon (10/15)            Temple (1/1) D:5
   Lair: D:8-11         Orc: D:9-12

Altars:
Ashenzari
Cheibriados
Dithmenos
Gozag
Hepliaklqana
Kikubaaqudgha
Makhleb
Nemelex Xobeh
Qazlal
Ru
Trog
Uskayaw
Vehumet
Wu Jian
Zin
The Shining One

Annotations:
D:10 Sonja


Innate Abilities, Weirdness & Mutations

You are too large for most types of armour.
You have claws for hands.
Your metabolism is lightning-fast.
You like to eat raw meat.
Your natural rate of healing is unusually fast.
You are covered in fur. (AC +1)
You have extremely tough skin. (AC +3)
You cannot train Armour skill.
You have somewhat slow reflexes. (EV -5)
[Scrolls take you much longer to read.]
[You are very clumsy. (Dex -4)]
[You are very dopey. (Int -4)]
[You are very frail. (-20% HP)]
[Potions are poor at restoring your health.]


Message History

The large abomination is almost destroyed.
Unknown command.
You scratch the large abomination.
You destroy the large abomination!
The large abomination hits you!!
* * * LOW HITPOINT WARNING * * *
Unknown command.
You barely miss the large abomination.
Unknown command.
You closely miss the large abomination.
A small abomination comes into view.
You block the large abomination's attack.
Unknown command.
You claw the large abomination!
The large abomination is lightly damaged.
Unknown command.
You scratch the large abomination.
The large abomination is moderately damaged.
The large abomination hits you!!
You die...

.$......###. .
#...x..(##.
..##.........#
................##
. ...............#
. .............#..
. . ........# ..
.. .........S@# #
.... ......X..#
.... ##......##
... .##......# ...
. ....?...# . .
..........# ... .
........# .....
.}........
.......... ...# .#


You could see a large abomination, a guardian serpent shaped shifter and a small
abomination.

Vanquished Creatures
  Gastronok (D:8)
  A wretched star (Abyss:1)
  Maggie (D:8)
  An efreet (Abyss:1)
  A kobold demonologist (D:6)
  A troll (D:8)
  2 hippogriffs
  2 large abominations (Abyss:1)
  The ghost of SamuraiZach the Sneak, an amateur VSAs (D:4)
  A wyvern (D:9)
  11 yaks
  Grum (D:8)
  A hungry ghost (D:9)
  Duvessa (D:4)
  7 orc warriors
  4 ice beasts
  A black bear (D:10)
  3 phantoms
  2 sky beasts
  3 wolves (D:8)
  An eye of draining (D:6)
  3 ogres
  6 centaurs
  2 necrophages
  3 bullfrogs
  A gnoll sergeant (D:5)
  Dowan (D:4)
  6 scorpions
  A wyvern skeleton (D:10)
  A howler monkey (D:8)
  2 crimson imps
  A jelly (D:3)
  A bullfrog zombie (D:5)
  A gnoll shaman (D:5)
  2 hounds
  4 orc wizards
  An orc priest (D:9)
  A centaur skeleton (D:7)
  3 iguanas
  4 worker ants
  A centaur simulacrum (D:4)
  A hound zombie (D:5)
  3 hound skeletons
  11 gnolls
  A howler monkey skeleton (D:4)
  16 adders
  2 shadow imps
  A worker ant simulacrum (D:4)
  An ooze (D:1)
  2 worms
  7 dart slugs
  2 adder simulacra (D:4)
  2 leopard geckos
  52 orcs
  11 bats
  6 giant cockroaches
  6 goblins
  12 hobgoblins
  21 jackals
  5 kobolds
  5 quokkas
  7 frilled lizards
  A giant cockroach zombie (D:5)
  A jackal zombie (D:6)
  A leopard gecko skeleton (D:5)
  A quokka skeleton (D:4)
  A quokka zombie (D:9)
  8 rats
279 creatures vanquished.

Vanquished Creatures (others)
  2 ogres
2 creatures vanquished.

Grand Total: 281 creatures vanquished

Notes
Turn   | Place    | Note
-------+----------+-------------------------------------------
     0 | D:1      | xccam the Troll Monk began the quest for the Orb.
     0 | D:1      | Reached XP level 1. HP: 22/22 MP: 0/0
   161 | D:1      | Reached XP level 2. HP: 22/29 MP: 1/1
   304 | D:1      | Reached skill level 4 in Unarmed Combat
   555 | D:1      | Reached XP level 3. HP: 32/36 MP: 2/2
   914 | D:2      | Reached XP level 4. HP: 32/44 MP: 3/3
   917 | D:2      | Reached skill level 5 in Unarmed Combat
  1254 | D:2      | Reached XP level 5. HP: 50/50 MP: 4/4
  1431 | D:3      | Found a glowing silver altar of Zin.
  1469 | D:3      | Found a sparkling altar of Nemelex Xobeh.
  1475 | D:3      | Reached skill level 6 in Unarmed Combat
  1804 | D:3      | Reached XP level 6. HP: 59/59 MP: 5/5
  1872 | D:3      | Found an ornate altar of the Wu Jian Council.
  1873 | D:3      | Noticed a yak
  1876 | D:3      | Found a transporter.
  1888 | D:3      | Found a transporter.
  2044 | D:3      | Killed a yak
  2044 | D:3      | Reached skill level 7 in Unarmed Combat
  2173 | D:4      | Found a runed translucent gate.
  2174 | D:4      | Found a runed translucent gate.
  2211 | D:4      | Noticed an ice beast
  2264 | D:4      | Reached XP level 7. HP: 67/67 MP: 6/6
  2311 | D:4      | Noticed Duvessa
  2314 | D:4      | Noticed Dowan
  2325 | D:4      | Killed Duvessa
  2334 | D:4      | Killed Dowan
  2610 | D:4      | Found a runed translucent gate.
  2685 | D:4      | Reached skill level 8 in Unarmed Combat
  2735 | D:4      | Noticed SamuraiZach's ghost (amateur VSAs)
  2876 | D:4      | Found a stormy altar of Qazlal.
  3075 | D:4      | Killed SamuraiZach's ghost
  3075 | D:4      | Reached XP level 8. HP: 74/79 MP: 7/7
  3133 | D:5      | Entered Level 5 of the Dungeon
  3268 | D:5      | Found a hide-covered altar of Uskayaw.
  3348 | D:5      | Found a staircase to the Ecumenical Temple.
  3357 | Temple   | Entered the Ecumenical Temple
  3457 | Temple   | Became a worshipper of Ru the Awakened
  3467 | Temple   | Gained mutation: You have somewhat slow reflexes. (EV -5)
                  | [Ru sacrifice]
  3467 | Temple   | Reached * piety under Ru
  3494 | D:5      | Reached skill level 5 in Fighting
  3589 | D:5      | Reached skill level 9 in Unarmed Combat
  3991 | D:5      | Found a hazy altar of Hepliaklqana.
  4483 | D:5      | Found a stormy altar of Qazlal.
  4510 | D:5      | Gained mutation: You cannot train Armour skill. [Ru
                  | sacrifice]
  4510 | D:5      | Reached ** piety under Ru
  4615 | D:6      | Found a hide-covered altar of Uskayaw.
  4773 | D:6      | Reached XP level 9. HP: 74/91 MP: 8/8
  4877 | D:6      | Noticed a kobold demonologist
  4879 | D:6      | Reached skill level 10 in Unarmed Combat
  4887 | D:6      | Noticed a soul eater
  4888 | D:6      | Killed a kobold demonologist
  6292 | D:7      | Reached skill level 11 in Unarmed Combat
  6680 | D:8      | Got a wavering steel ring
  6741 | D:8      | Identified the ring of Ezeekeydd {rPois rN+ EV+4 Int+5
                  | Dex+4} (You found it on level 8 of the Dungeon)
  6767 | D:8      | Found an opulent altar of Gozag.
  6779 | D:8      | Reached XP level 10. HP: 90/104 MP: 6/9
  7060 | D:8      | Noticed Grum
  7079 | D:8      | Killed Grum
  7079 | D:8      | Reached skill level 5 in Dodging
  7164 | D:8      | Found a shadowy altar of Dithmenos.
  7192 | D:8      | Noticed Maggie
  7206 | D:8      | Killed Maggie
  7316 | D:8      | Noticed Gastronok
  7332 | D:8      | Killed Gastronok
  7803 | D:9      | Reached XP level 11. HP: 111/111 MP: 10/10
  7811 | D:9      | Reached skill level 5 in Shields
  7867 | D:9      | Found a bloodstained altar of Trog.
  8311 | D:10     | Entered Level 10 of the Dungeon
  8413 | D:10     | Noticed Sonja
  8418 | D:10     | Cast into level 1 of the Abyss (Sonja)
  8436 | Abyss:1  | Found a corrupted altar of Lugonu.
  8482 | Abyss:1  | Noticed a wretched star
  8504 | Abyss:1  | Killed a wretched star
  8506 | Abyss:1  | HP: 6/132 [large abomination (19)]
  8510 | Abyss:1  | Demolished by a large abomination

Illustrated notes

Levels and vault maps discovered:
D:1:      dpeg_arrival_castle, layout_basic
D:2:      layout_rooms
D:3:      layout_rooms, overflow_temple_1_default,
          gammafunk_temple_overflow_arena, lemuel_doored_altar
D:4:      layout_basic, overflow_temple_1_default, gammafunk_ghost_icy,
          first_ration, uniq_duvessa
D:5:      cheibrodos_barr_body, layout_basic, kennysheep_mini,
          minmay_temple_entry_grid, basic_altar, lemuel_tele_altar
D:6:      layout_loops_ring, basic_altar, patterned_corridor
D:7:      layout_basic
D:8:      layout_loops_ring, nicolae_gozag_seed_capital, basic_altar,
          uniq_gastronok, uniq_grum, uniq_maggie
D:9:      layout_basic, bloody_trog, special_room [special_room_orc]
D:10:     layout_long_grid, lair_entry_dummy, gammafunk_ghost_smash, uniq_sonja,
          uniq_fannar
Temple:   regret_index_temple_generic_petals
Abyss:1:  base:
IceCv

Skill      XL: |  1  2  3  4  5  6  7  8  9 10 11 |
---------------+----------------------------------+-----
Unarmed Combat | 4 5 6 7 8 9 11 | 11.0
Fighting       | 3 4 6 8 |  8.0
Dodging        | 3 7 |  7.0
Shields        | 4 7 |  7.0
Stealth        | |  1.0

Action                   |  1- 3 |  4- 6 |  7- 9 | 10-12 || total
-------------------------+-------+-------+-------+-------++-------
Melee: Unarmed           |    98 |   133 |   293 |   235 ||   759
       Punch             |     3 |     4 |    20 |     7 ||    34
Invok: Sacrifice Health  |       |       |     1 |       ||     1
       Sacrifice Durabil |       |       |     1 |       ||     1
  Use: Potion            |       |       |     1 |     2 ||     3
       Scroll            |       |       |     8 |       ||     8
 Stab: Sleeping          |     3 |     1 |     7 |     4 ||    15
       Invisible         |       |       |     1 |       ||     1
  Eat: Chunk             |    14 |    12 |    41 |    19 ||    86
Armor: Robe              |    47 |    91 |   102 |     1 ||   241
       Troll leather arm |       |       |       |    44 ||    44
Dodge: Dodged            |    49 |    96 |    57 |    53 ||   255
Block: Tower shield      |       |       |       |    86 ||    86
